 Dungeon Crawl Stone Soup version 0.21-a0-396-ga924934 (webtiles) character file.

4227 pkoi the Carver (level 10, 0/90 HPs)
             Began as a Yellow Draconian Gladiator on Oct 19, 2017.
             Was an Elder of Okawaru.
             Killed from afar by a hell hound (9 damage)
             ... with a blast of flame
             ... on level 7 of the Dungeon.
             The game lasted 00:13:59 (9338 turns).

pkoi the Carver (Yellow Draconian Gladiator)        Turns: 9338, Time: 00:14:00

Health: 0/90       AC: 12    Str: 17    XL:     10   Next: 9%
Magic:  10/10      EV: 18    Int: 12    God:    Okawaru [****..]
Gold:   313        SH:  0    Dex: 18    Spells: 9/9 levels left

rFire    . . .     SeeInvis .   g - +10 bardiche "Oxilu" {freeze, Dex+4}
rCold    . . .     Gourm    .   (shield currently unavailable)
rNeg     . . .     Faith    .   (armour unavailable)
rPois    .         Spirit   .   b - +1 hat
rElec    .         Reflect  .   (no cloak)
rCorr    +         Harm     .   v - +0 pair of gloves
MR       .....                  (no boots)
Stlth    ++........             (no amulet)
HPRegen  0.25/turn              l - +3 ring of protection
MPRegen  0.12/turn              o - +2 ring of dexterity

@: no status effects
A: spit acid, acid resistance, unfitting armour, cold-blooded, AC +7
a: Breathe Acid, Heroism, Renounce Religion


You were on level 7 of the Dungeon.
You worshipped Okawaru.
Okawaru was greatly pleased with you.
You were not hungry.

You visited 1 branch of the dungeon, and saw 8 of its levels.

You collected 313 gold pieces.

Inventory:

Hand Weapons
 a - a +1 long sword
 g - the +10 bardiche "Oxilu" (weapon) {freeze, Dex+4}
   (You found it on level 5 of the Dungeon)

   It has been specially enchanted to freeze those struck by it, causing extra
   injury to most foes and up to half again as much damage against particularly
   susceptible opponents.
   It can also slow down cold-blooded creatures.
   It affects your dexterity (+4).
Missiles
 c - 3 throwing nets (quivered)
Armour
 b - a +1 hat (worn)
 v - a +0 pair of gloves (worn)
Jewellery
 l - a +3 ring of protection (left hand)
 o - a +2 ring of dexterity (right hand)
Wands
 e - a wand of lightning (4/15)
 s - a wand of clouds (6/9)
 u - a wand of polymorph (4/24)
Scrolls
 i - 8 scrolls of remove curse
 m - a scroll of magic mapping
 n - 3 scrolls of amnesia
 r - 6 scrolls of identify
 x - a scroll of blinking
 y - 2 scrolls of teleportation
 D - a scroll of enchant weapon
 E - a scroll of brand weapon {unknown}
Potions
 j - 2 potions of brilliance
 k - a potion of flight
 p - a potion of heal wounds
 t - a potion of magic
 w - a potion of curing
 z - a potion of lignification {unknown}
 B - a potion of cancellation
Books
 h - a book of Callings

   Spells                             Type                      Level
   a - Summon Small Mammal            Summoning                    1
   b - Call Imp                       Summoning                    2
   c - Call Canine Familiar           Summoning                    3
   d - Summon Guardian Golem          Hexes/Summoning              3
   e - Summon Lightning Spire         Summoning/Air                4
   f - Summon Ice Beast               Ice/Summoning                4
Comestibles
 d - 9 bread rations
 q - a royal jelly
 A - 3 meat rations


   Skills:
 + Level 8.7 Fighting
 + Level 10.3 Long Blades
 - Level 1.7 Throwing
 + Level 7.5 Dodging


You had 9 spell levels left.
You didn't know any spells.

Dungeon Overview and Level Annotations

Branches:
Dungeon (8/15)             Temple (0/1) D:5            Lair (0/6) D:8

Altars:
Okawaru

Annotations:
D:4 Prince Ribbit
D:5 1 runed door
D:7 SleepCap's ghost, novice TrMo


Innate Abilities, Weirdness & Mutations

You can spit globs of acid.
You are resistant to acid.
Your golden yellow scales are hard. (AC +7)
You cannot fit into any form of body armour.
You are cold-blooded and may be slowed by cold attacks.


Message History

* * * LOW HITPOINT WARNING * * *
You closely miss the hell hound.
The hell hound is lightly wounded.
The hell hound barely misses you. The hell hound bites you!
* * * LOW HITPOINT WARNING * * *
The hell hound bites you but does no damage.
Unknown command.
You slice the hell hound!! You freeze the hell hound.
The hell hound is almost dead.
The hell hound completely misses you.
The hell hound bites you but does no damage.
The hell hound barely misses you.
You miss the hell hound.
The hell hound is almost dead.
The hell hound bites you!
* * * LOW HITPOINT WARNING * * *
The hell hound barely misses you. The hell hound breathes flames at you.
The blast of flame hits you!
You die...

#.# #..# #.# #.#
#####.#####.#
#.# ###.#
......W.....#
#.# #.<.#
#####.#####.#
#.# #.###
####.....##.#
#.# #.#
............#
#.# #.#
####.....####
#.# #.######
##.#.## #)#
####.......
#####.#.# #@#
##....######
......#?#
#h#####.....## #
#######.#
#............# #
# #.#
######.......###
# #.#
#.........# #
#.# ##.....##.#
# #.#
#.....##.###
#####.#
###.#.......
#.....#
#.####....


You could see a hell hound.

Vanquished Creatures
  A two-headed ogre (D:7)
  The ghost of Aigis the Slasher, a novice DsMo (D:5)
  Sigmund (D:5)
  A spriggan (D:7)
  Menkaure (D:5)
  Duvessa (D:5)
  An orc warrior (D:6)
  2 ice beasts
  6 ogres
  The ghost of chris0x the Skirmisher, an amateur DrCK of Xom (D:3)
  3 phantoms
  A centaur (D:6)
  2 bullfrogs (D:6)
  4 scorpions
  Dowan (D:5)
  2 electric eels (D:6)
  2 howler monkeys
  4 crimson imps
  A bullfrog zombie (D:6)
  A centaur zombie (D:6)
  2 jellies (D:7)
  4 orc priests
  A centaur skeleton (D:4)
  6 orc wizards
  Natasha (thrice) (D:2)
  3 iguanas
  5 worker ants
  2 hound skeletons (D:4)
  A howler monkey zombie (D:7)
  A worker ant zombie (D:5)
  3 gnolls
  9 adders
  3 shadow imps
  An adder skeleton (D:4)
  An adder zombie (D:5)
  3 worms
  5 dart slugs
  3 leopard geckos
  20 orcs
  6 bats
  7 giant cockroaches
  7 goblins
  2 hobgoblins
  8 jackals
  6 quokkas
  2 ball pythons
  5 frilled lizards
  A jackal skeleton (D:6)
  5 kobolds
  A leopard gecko zombie (D:6)
  5 rats
168 creatures vanquished.

Vanquished Creatures (others)
  A plant (D:6)
1 creature vanquished.

Grand Total: 169 creatures vanquished

Notes
Turn   | Place    | Note
-------+----------+-------------------------------------------
     0 | D:1      | pkoi the Draconian Gladiator began the quest for the Orb.
     0 | D:1      | Reached XP level 1. HP: 17/17 MP: 1/1
    13 | D:1      | You fall through a shaft!
   273 | D:2      | Reached XP level 2. HP: 24/24 MP: 2/2
   274 | D:2      | Noticed Natasha
   279 | D:2      | Killed Natasha
   279 | D:2      | Reached skill level 4 in Long Blades
   279 | D:2      | Reached XP level 3. HP: 27/29 MP: 3/3
   295 | D:2      | Noticed Natasha
   304 | D:2      | Killed Natasha
   333 | D:2      | Noticed Natasha
   349 | D:2      | Killed Natasha
   349 | D:2      | Reached skill level 5 in Long Blades
   349 | D:2      | Reached XP level 4. HP: 13/36 MP: 4/4
   623 | D:2      | Found an iron altar of Okawaru.
   634 | D:2      | Became a worshipper of Warmaster Okawaru
  1666 | D:3      | Reached XP level 5. HP: 39/41 MP: 5/5
  1837 | D:3      | Noticed an ogre
  1854 | D:3      | Reached skill level 6 in Long Blades
  1859 | D:3      | Killed an ogre
  2074 | D:3      | Reached XP level 6. HP: 48/48 MP: 6/6
  2089 | D:3      | Noticed chris0x's ghost (amateur DrCK)
  2170 | D:2      | Reached skill level 7 in Long Blades
  2499 | D:3      | Killed chris0x's ghost
  3060 | D:3      | Your scales start taking on a golden yellow colour.
  3060 | D:3      | Reached XP level 7. HP: 57/57 MP: 7/7
  3129 | D:3      | Reached * piety under Okawaru
  3275 | D:4      | Found a transporter.
  3300 | D:4      | Found a transporter.
  4301 | D:5      | Entered Level 5 of the Dungeon
  4335 | D:5      | Noticed Sigmund
  4508 | D:5      | Found a runed door.
  4652 | D:5      | Noticed Prince Ribbit
  4677 | D:5      | Reached skill level 8 in Long Blades
  4882 | D:5      | Got a transparent bardiche
  4883 | D:5      | Identified the +10 bardiche "Oxilu" {freeze, Dex+4} (You found it on level 5 of the Dungeon)
  4899 | D:5      | Noticed Aigis's ghost (novice DsMo)
  5137 | D:5      | Killed Aigis's ghost
  5137 | D:5      | Reached ** piety under Okawaru
  5137 | D:5      | Reached skill level 5 in Fighting
  5137 | D:5      | Reached XP level 8. HP: 43/68 MP: 8/8
  5291 | D:5      | Reached skill level 5 in Dodging
  5292 | D:5      | Found a staircase to the Ecumenical Temple.
  5303 | D:5      | Noticed Dowan
  5326 | D:5      | Killed Dowan
  5486 | D:5      | Noticed Menkaure
  5496 | D:5      | Killed Menkaure
  5497 | D:5      | Killed Sigmund
  5854 | D:5      | Noticed Duvessa
  5864 | D:5      | Killed Duvessa
  5864 | D:5      | Reached skill level 9 in Long Blades
  6631 | D:6      | Reached *** piety under Okawaru
  6631 | D:6      | Reached XP level 9. HP: 78/78 MP: 9/9
  8721 | D:7      | Reached **** piety under Okawaru
  8732 | D:7      | Reached skill level 10 in Long Blades
  8838 | D:7      | Noticed SleepCap's ghost (novice TrMo)
  9325 | D:8      | Found a staircase to the Lair.
  9325 | D:8      | Noticed a two-headed ogre
  9334 | D:7      | Killed a two-headed ogre
  9334 | D:7      | Reached XP level 10. HP: 55/90 MP: 10/10
  9338 | D:7      | Killed from afar by a hell hound

Vault maps used:
D:1:      zelgadis_glass_arrival_small
D:2:      lemuel_round_altar, first_bread, uniq_natasha
D:3:      cheibrodos_helix_gallery
D:4:      gammafunk_wand_slinger
D:5:      temple_statues, uniq_duvessa, uniq_crazy_yiuf_cottage, uniq_menkaure,
          uniq_prince_ribbit1, uniq_sigmund
D:6:      minmay_item_behind_shaft, serial_bayou_lagoon_a
D:7:      the_bakery, st_stairs_8, hangedman_decor_slide_cut
D:8:      minmay_lair_entry_lava, st_stairs_6

Skill      XL: |  1  2  3  4  5  6  7  8  9 |
---------------+----------------------------+-----
Long Blades    | 4 5 6 7 8 9 10 | 10.3
Dodging        | 3 4 5 7 |  7.5
Fighting       | 3 5 6 8 |  8.7
Throwing       | |  1.7

Action                   |  1- 3 |  4- 6 |  7- 9 | 10-12 || total
-------------------------+-------+-------+-------+-------++-------
Melee: Long sword        |    31 |   189 |   108 |       ||   328
       Tailslap          |     2 |    31 |    37 |     1 ||    71
       Bardiche          |       |       |   184 |     4 ||   188
  Use: Scroll            |       |     8 |     6 |       ||    14
       Potion            |       |     3 |     3 |       ||     6
 Stab: Sleeping          |       |     1 |     1 |       ||     2
  Eat: Chunk             |       |     7 |    19 |       ||    26
       Royal jelly       |       |       |     1 |       ||     1
       Fruit             |       |       |     1 |       ||     1
Armor: Skin              |     1 |    66 |    95 |     3 ||   165
Dodge: Dodged            |    22 |   133 |   233 |     5 ||   393
       Rpst.: Long sword |     6 |    40 |    26 |       ||    72

Table legend:
 A = Spawn XP
 B = Non-spawn XP
 C = Spawn XP percentage of total XP
 D = Spawn monster count
 E = Non-spawn monster count
 F = Spawn count percentage of total count
 G = Total turns spent on level
                    A         B        C        D         E        F      G
               +---------+---------+-------+---------+---------+-------+---------
         Total |       0 |    6039 |   0.0 |       0 |     168 |   0.0 |  9338
               +---------+---------+-------+---------+---------+-------+---------
           D:1 |       0 |      34 |   0.0 |       0 |      20 |   0.0 |   445
           D:2 |       0 |     172 |   0.0 |       0 |      22 |   0.0 |  1382
           D:3 |       0 |     584 |   0.0 |       0 |      26 |   0.0 |  1572
           D:4 |       0 |     402 |   0.0 |       0 |      18 |   0.0 |  1443
           D:5 |       0 |    1516 |   0.0 |       0 |      29 |   0.0 |  1844
           D:6 |       0 |    1278 |   0.0 |       0 |      28 |   0.0 |  1739
           D:7 |       0 |    2053 |   0.0 |       0 |      25 |   0.0 |   906
               +---------+---------+-------+---------+---------+-------+---------
